 Dungeon Crawl Stone Soup version 0.28-a0-1395-g4f6bc678fa (webtiles) character file.

Game seed: 5426430206999658818

147 Deminshera the Poker (level 5, 0/42 HPs)
             Began as a Merfolk Fighter on Jan 4, 2022.
             Slain by a worm (7 damage)
             ... on level 2 of the Dungeon.
             The game lasted 00:01:00 (1490 turns).

Deminshera the Poker (Merfolk Fighter)              Turns: 1490, Time: 00:01:00

Health: 0/42       AC: 11    Str: 19    XL:     5   Next: 29%
Magic:  5/5        EV:  6    Int:  7    God:
Gold:   46         SH:  5    Dex: 13    Spells: 4/4 levels left

rFire   . . .      SeeInvis .   a - +0 trident
rCold   . . .      Faith    .   c - +0 buckler
rNeg    . . .      Spirit   .   j - +0 plate armour
rPois   .          Reflect  .   (no helmet)
rElec   .          Harm     .   (no cloak)
rCorr   .          Rampage  .   (no gloves)
Will    .....                   (no boots)
Stlth   ..........              (no amulet)
HPRegen 0.14/turn               (no ring)
MPRegen 0.09/turn               (no ring)

@: no status effects
A: (nimble swimmer 2), mertail
a: no special abilities


You were on level 2 of the Dungeon.
You visited 1 branch of the dungeon, and saw 2 of its levels.

You collected 46 gold pieces.

Inventory:

Hand Weapons
 a - a +0 trident (weapon)
Armour
 c - a +0 buckler (worn)
 j - a +0 plate armour (worn)
Scrolls
 e - a scroll of blinking {unknown}
 f - a scroll of enchant armour {unknown}
 h - a scroll of identify {unknown}
Potions
 d - a potion of might
 g - a potion of lignification {unknown}
 i - a potion of resistance {unknown}


   Skills:
 + Level 4.1 Fighting
 + Level 4.3 Polearms
 + Level 2.7 Armour
 + Level 2.5 Dodging
 + Level 3.7 Shields


You had 4 spell levels left.
You didn't know any spells.
Your spell library contained the following spells:

 Spells                   Type           Power      Damage    Failure   Level
 Sandblast                Erth           0%         2d4       100%        1
 Passwall                 Tmut/Erth      0%         N/A       100%        2
 Stone Arrow              Conj/Erth      0%         3d7       100%        3


Dungeon Overview and Level Annotations

Branches:
Dungeon (2/15)

Altars:


Innate Abilities, Weirdness & Mutations

((You are very nimble when in or above water. (Stealth+, EV+, Speed+++)))
Your lower body shifts to a powerful aquatic tail in water.


Message History

A worm comes into view.
The gnoll hits you from afar with a +0 halberd.
The gnoll hits you with a +0 flail.
You hit the gnoll.
You kill the gnoll!
The gnoll hits you from afar with a +0 halberd!
* * * LOW HITPOINT WARNING * * *
The gnoll hits you with a +0 halberd.
* * * LOW HITPOINT WARNING * * *
Things that are here:
a +0 flail; a +0 club; a gnoll corpse You hit the gnoll.
The gnoll is heavily wounded.
The gnoll hits you but does no damage.
You puncture the gnoll!
You kill the gnoll!
You barely miss the worm. You block the worm's attack.
You completely miss the worm. You hit the worm.
The worm is moderately wounded.
You block the worm's attack.
A dart slug comes into view.
You hit the worm but do no damage.
The worm is moderately wounded.
The worm bites you.
* * * LOW HITPOINT WARNING * * *
You barely miss the worm.
The worm is lightly wounded.
You hit the worm.
The worm is heavily wounded.
The worm bites you but does no damage.
You puncture the worm!
The worm is almost dead.
The worm barely misses you.
You barely miss the worm.
The worm is severely wounded.
You barely miss the worm.
The worm is severely wounded.
The worm bites you!
You die...

#.#......#.#.#
#.########.#.#
#..........#.#
############.#
#.# #.# #.#
#.# #@# #w#
#w# #)# ...
##.## ... #..
###


You could see a worm and a dart slug.

Vanquished Creatures
  An ogre (D:2)
  4 gnolls (D:2)
  An orc (D:2)
  3 endoplasms
  3 goblins (D:1)
  4 hobgoblins
  2 quokkas (D:1)
  3 ball pythons (D:1)
  A bat (D:1)
  2 frilled lizards (D:1)
  2 kobolds (D:1)
  2 rats
28 creatures vanquished.

Notes
Turn   | Place    | Note
-------+----------+-------------------------------------------
     0 | D:1      | Deminshera the Merfolk Fighter began the quest for the Orb.
     0 | D:1      | Reached XP level 1. HP: 18/18 MP: 1/1
   181 | D:1      | Reached XP level 2. HP: 22/24 MP: 2/2
   266 | D:1      | Reached skill level 1 in Dodging
  1048 | D:2      | Noticed an ogre
  1056 | D:2      | Killed an ogre
  1057 | D:2      | Reached XP level 3. HP: 25/30 MP: 3/3
  1057 | D:2      | Reached XP level 4. HP: 31/37 MP: 4/4
  1466 | D:2      | Reached XP level 5. HP: 30/42 MP: 5/5
  1490 | D:2      | Slain by a worm

Illustrated notes

Levels and vault maps discovered:
D:1:      dpeg_arrival_another_circle, layout_loops_ring,
          hangedman_feature_mirror
D:2:      layout_basic

Skill      XL: |  1  2  3  4 |
---------------+-------------+-----
Dodging        | 2 |  2.5
Polearms       | 4 |  4.3
Fighting       | 4 |  4.1
Armour         | |  2.7
Shields        | |  3.7

Action                   |  1- 3 |  4- 6 || total
-------------------------+-------+-------++-------
Melee: Trident           |    77 |    35 ||   112
Armor: Scale mail        |    24 |       ||    24
       Plate armour      |       |     9 ||     9
Dodge: Dodged            |    29 |     6 ||    35
Block: Buckler           |    13 |     8 ||    21

Table legend: (Time is in decaauts)
 A = Elapsed time spent in this place.
 B = Non-inter-level travel time spent in this place.
 C = Inter-level travel time spent in this place.
 D = Time resting spent in this place.
 E = Time spent auto-exploring this place.
 F = Levels seen in this place.
 G = Mean time per level.
                   A        B        C        D        E       F      G
               +--------+--------+--------+--------+--------+-----+--------+
         Total |   1506 |   1442 |     64 |      0 |   1230 |   2 |  753.0 |
       Dungeon |   1506 |   1442 |     64 |      0 |   1230 |   2 |  753.0 |
               +--------+--------+--------+--------+--------+-----+--------+

Top non-repeatable levels by time:
     D:1: 984 daAuts
     D:2: 522 daAuts
